 Dungeon Crawl Stone Soup version 0.17-a0-1987-gaf5a542 (webtiles) character file.

545 dpvblackbelt the Basher (level 7, -6/78 HPs)
             Began as an Ogre Fighter on Oct 6, 2015.
             Was an Initiate of Ashenzari.
             Mangled by Purgy (9 damage)
             ... on level 5 of the Dungeon.
             The game lasted 00:06:32 (5063 turns).

dpvblackbelt the Basher (Ogre Fighter)              Turns: 5063, Time: 00:06:32

Health: -6/78      AC:  3    Str: 24      XL:     7   Next: 27%
Magic:  7/7        EV:  7    Int:  9 (12) God:    Ashenzari [......]
Gold:   163        SH:  8    Dex:  5 (9)  Spells: 0 memorised, 6 levels left

rFire  + . .     SeeInvis .     a - +0 flail
rCold  + . .     Clarity  .     b - +0 robe
rNeg   . . .     SustAt   .     c - +0 shield
rPois  +         Gourm    .     (helmet restricted)
rElec  +         Spirit   .     (no cloak)
rCorr  +         Warding  .     (gloves unavailable)
rMut   .         Stasis   .     (boots unavailable)
MR     .....                    (no amulet)
Stlth  +.........               (no ring)
                                (no ring)

@: brilliant, resistant, very slightly contaminated, invisible, not resistant to
hostile enchantments, very unstealthy
A: unfitting armour, tough skin 1
a: Renounce Religion


You were on level 5 of the Dungeon.
You worshipped Ashenzari.
Ashenzari was noncommittal.
You were hungry.

You visited 1 branch of the dungeon, and saw 5 of its levels.

You collected 163 gold pieces.

Inventory:

Hand Weapons
 a - a +0 flail (weapon)
 f - a cursed -1 blowgun
   (You took it off a kobold on level 3 of the Dungeon)
Missiles
 d - 12 poisoned needles
Armour
 b - a +0 robe (worn)
 c - a +0 shield (worn)
Scrolls
 i - 4 scrolls of identify {unknown}
 j - a scroll of immolation {unknown}
 l - 2 scrolls of fear {unknown}
 n - a scroll of amnesia {unknown}
 s - a scroll of fog {unknown}
 t - a scroll of remove curse
 u - a scroll of enchant armour {unknown}
Potions
 m - 2 potions of poison {!q}
 w - a potion of lignification {unknown}
Comestibles
 e - 2 bread rations {@e1}
 g - a slice of pizza
 h - 5 meat rations {@e2}
 p - 2 royal jellies
 q - 2 chunks of flesh {@w0}
 r - 2 fruits


   Skills:
 + Level 7.0 Fighting
 + Level 8.4 Maces & Flails
 - Level 2.6 Dodging
 - Level 2.6 Shields


You had 6 spell levels left.
You didn't know any spells.

Dungeon Overview and Level Annotations

Branches:
Dungeon (5/15)
 Temple: D:4-7

Altars:
Ashenzari

Annotations:
D:5 Purgy


Innate Abilities, Weirdness & Mutations

You are too large for most types of armour.
You have tough skin (AC +1).


Message History

A goblin comes into view. It is wielding a club.
There are monsters nearby!
The goblin shouts!
You hit Purgy. You block the orc's attack. Purgy barely misses you.
Purgy claws you. Purgy barely misses you.
A hobgoblin comes into view. It is wielding a club.
There are monsters nearby!
There are monsters nearby!
You regained 13 hp, and now have 71/78 hp.
A goblin and a gnoll come into view.
There is an open door here.
There is a large open door here.
Purgy pleads, "Don't hit me!"
There is an open door here.
You are feeling hungry.
You block Purgy's attack. Purgy claws you but does no damage. Purgy claws you.
There is a stone staircase leading down here.
Purgy bites you. Purgy claws you. Purgy claws you.
You climb downwards.
There is a stone staircase leading up here.
You take 3 damage, and have 74/78 hp.
You hit Purgy. Purgy bites you. Purgy claws you. Purgy completely misses you.
You take 3 damage, and have 71/78 hp.
You sock Purgy! Purgy bites you. Purgy claws you. Purgy claws you.
You take 12 damage, and have 59/78 hp.
You closely miss Purgy. Purgy barely misses you. You block Purgy's attack.
Purgy claws you.
You take 1 damage, and have 58/78 hp.
You barely miss Purgy. Purgy closely misses you.
Purgy claws you but does no damage. You block Purgy's attack.
You sock Purgy! Purgy bites you. Purgy claws you. Purgy barely misses you.
You take 5 damage, and have 53/78 hp.
You closely miss Purgy. Purgy bites you. You block Purgy's attack.
Purgy claws you.
You take 6 damage, and have 47/78 hp.
You barely miss Purgy. Purgy bites you. You block Purgy's attack.
Purgy claws you.
You take 6 damage, and have 41/78 hp.
You hit Purgy but do no damage. Purgy bites you. Purgy completely misses you.
Purgy claws you. Purgy bites you. You block Purgy's attack. Purgy claws you.
You take 15 damage, and have 26/78 hp.
You closely miss Purgy. Purgy bites you but does no damage.
Purgy claws you but does no damage. You block Purgy's attack.
You miss Purgy. Purgy barely misses you. Purgy claws you.
Purgy barely misses you.
You take 1 damage, and have 25/78 hp.
You closely miss Purgy. Purgy bites you but does no damage.
Purgy claws you but does no damage. You block Purgy's attack.
You hit Purgy. Purgy bites you.
* * * LOW HITPOINT WARNING * * *
Purgy claws you.
* * * LOW HITPOINT WARNING * * *
You block Purgy's attack.
You take 6 damage, and have 20/78 hp.
Drink which item? (? for menu, Esc to quit)
It was a potion of invisibility.
You fade into invisibility!
Purgy bites you.
* * * LOW HITPOINT WARNING * * *
Purgy claws you but does no damage. x2
You are very lightly contaminated with residual magic.
You take 3 damage, and have 17/78 hp.
You hit Purgy. Purgy bites you but does no damage. You block Purgy's attack.
Purgy claws you.
* * * LOW HITPOINT WARNING * * *
You take 3 damage, and have 14/78 hp.
You closely miss Purgy. You block Purgy's attack. Purgy barely misses you.
Purgy claws you but does no damage.
You strike the helpless Purgy from behind!
You sock Purgy! Purgy closely misses you. Purgy claws you.
* * * LOW HITPOINT WARNING * * *
You block Purgy's attack.
You take 1 damage, and have 14/78 hp.
You catch the helpless Purgy completely off-guard!
You sock Purgy! Purgy bites you.
* * * LOW HITPOINT WARNING * * *
Purgy claws you but does no damage. x2
You block Purgy's attack. Purgy claws you.
* * * LOW HITPOINT WARNING * * *
Purgy claws you but does no damage.
You take 7 damage, and have 7/78 hp.
You barely miss Purgy. You miss Purgy. Purgy bites you.
* * * LOW HITPOINT WARNING * * *
Purgy claws you.
* * * LOW HITPOINT WARNING * * *
Purgy barely misses you.
You take 3 damage, and have 5/78 hp.
Drink which item? (? for menu, Esc to quit)
It was a potion of resistance.
You feel protected. You block Purgy's attack. x2
Purgy claws you.
* * * LOW HITPOINT WARNING * * *
You take 2 damage, and have 3/78 hp.
Drink which item? (? for menu, Esc to quit)
It was a potion of brilliance.
You feel clever all of a sudden. Purgy bites you!
You die...

##.###########.#
#......T@..>...#
.....###########
#>. #


You could see Purgy.

Vanquished Creatures
  Eustachio (D:4)
  A scorpion (D:4)
  Ijyb (D:3)
  A worker ant (D:4)
  An iguana (D:4)
  Terence (D:3)
  An orc wizard (D:4)
  2 hound skeletons (D:4)
  5 adders
  4 gnolls
  3 oozes (D:1)
  3 worms
  5 giant geckos
  2 orcs
  A ball python (D:2)
  3 giant cockroaches
  14 goblins
  10 hobgoblins
  3 jackals (D:2)
  10 kobolds
  3 quokkas
  7 bats
  5 giant newts
  A quokka skeleton (D:4)
  7 rats
95 creatures vanquished.

Notes
Turn   | Place    | Note
--------------------------------------------------------------
     0 | D:1      | dpvblackbelt the Ogre Fighter began the quest for the Orb.
     0 | D:1      | Reached XP level 1. HP: 24/24 MP: 1/1
     6 | D:1      | Reached skill level 3 in Maces & Flails
    36 | D:1      | Reached XP level 2. HP: 28/32 MP: 2/2
    51 | D:1      | Reached skill level 4 in Maces & Flails
    92 | D:1      | Found a shattered altar of Ashenzari.
   349 | D:1      | Reached XP level 3. HP: 35/39 MP: 3/3
   654 | D:1      | Reached skill level 5 in Maces & Flails
   866 | D:1      | Became a worshipper of Ashenzari the Shackled
  1427 | D:2      | Reached XP level 4. HP: 48/48 MP: 4/4
  1804 | D:2      | Reached skill level 6 in Maces & Flails
  2061 | D:2      | You fall through a shaft!
  2089 | D:3      | Reached XP level 5. HP: 34/55 MP: 5/5
  2259 | D:3      | Noticed Terence
  2271 | D:3      | Killed Terence
  2274 | D:3      | Noticed Ijyb
  2284 | D:3      | Killed Ijyb
  2284 | D:3      | Reached skill level 5 in Fighting
  2402 | D:3      | HP: 13/57 [poison (a potion of poison)]
  2407 | D:3      | HP: 7/57 [poisoned by an adder]
  2413 | D:3      | HP: 6/57 [poisoned by an adder]
  3075 | D:4      | Noticed Eustachio
  3096 | D:4      | HP: 14/57 [quasit[Eustachio] (1)]
  3096 | D:4      | HP: 6/57 [Eustachio/rapier (2)]
  3101 | D:4      | HP: 8/57 [giant cockroach (1)]
  3104 | D:5      | Entered Level 5 of the Dungeon
  3357 | D:4      | Killed Eustachio
  3357 | D:4      | Reached skill level 6 in Fighting
  3357 | D:4      | Reached skill level 7 in Maces & Flails
  3357 | D:4      | Reached XP level 6. HP: 17/67 MP: 6/6
  4057 | D:4      | Reached XP level 7. HP: 63/76 MP: 7/7
  4081 | D:4      | Reached skill level 8 in Maces & Flails
  4287 | D:4      | HP: 13/76 [iguana (13)]
  4289 | D:4      | HP: 1/76 [iguana (12)]
  5005 | D:4      | Noticed Purgy
  5008 | D:4      | Reached skill level 7 in Fighting
  5054 | D:5      | HP: 17/78 [Purgy (3)]
  5059 | D:5      | HP: 9/78 [Purgy (5)]
  5062 | D:5      | HP: 3/78 [Purgy (2)]
  5063 | D:5      | Mangled by Purgy

Vault maps used:
D:1:      erik_arrival_gehennom, ashenzari_altar_1
D:2:      lemuel_zombie_altar_kikubaaqudgha, serial_bayou_pond_c, st_stairs_13,
          kennysheep_potato
D:3:      uniq_terence, uniq_iyjb
D:4:      minmay_goblin_kobold_castle, first_bread, minmay_misc_feat_chi,
          uniq_purgy, uniq_eustachio
D:5:      nicolae_overflow_hidden_temple, nicolae_overflow_crystal_walls,
          cheibrodos_worm_habitat, uniq_blork_the_orc

Action                   |  1- 3 |  4- 6 |  7- 9 || total
-------------------------+-------+-------+-------++-------
Melee: Flail             |   129 |   188 |    76 ||   393
  Use: Potion            |       |     5 |     3 ||     8
 Stab: Sleeping          |     1 |       |       ||     1
       Invisible         |       |       |     2 ||     2
  Eat: Chunk             |     2 |     7 |     4 ||    13

Vault maps used:
D:1:      erik_arrival_gehennom, ashenzari_altar_1
D:2:      lemuel_zombie_altar_kikubaaqudgha, serial_bayou_pond_c, st_stairs_13,
          kennysheep_potato
D:3:      uniq_terence, uniq_iyjb
D:4:      minmay_goblin_kobold_castle, first_bread, minmay_misc_feat_chi,
          uniq_purgy, uniq_eustachio
D:5:      nicolae_overflow_hidden_temple, nicolae_overflow_crystal_walls,
          cheibrodos_worm_habitat, uniq_blork_the_orc

Table legend:
 A = Turns spent in this place as a percentage of turns spent in the entire game.
 B = Non-inter-level travel turns spent in this place as a percentage of non-inter-level travel turns spent in the entire game.
 C = Inter-level travel turns spent in this place as a percentage of turns spent in this place.
 D = Turns resting spent in this place as a percentage of non-inter-level travel turns spent in this place.
 E = Turns spent auto-exploring this place as a percentage of non-inter-level travel turns spent in this place.
 F = Non-inter-level travel turns spent in this place divided by the number of levels of this place that you've seen.
                   A       B       C       D       E      F
               +-------+-------+-------+-------+-------+----------------------
         Total | 100.0 | 100.0 |   0.6 |   3.1 |   6.0 | 352.8
       Dungeon | 100.0 | 100.0 |   0.6 |   3.1 |   6.0 | 352.8
               +-------+-------+-------+-------+-------+----------------------

Table legend:
 A = Kills in this place as a percentage of kills in entire the game.
 B = Kills by you in this place as a percentage of kills by you in the entire game.
 C = Kills by friends in this place as a percentage of kills by friends in the entire game.
 D = Other kills in this place as a percentage of other kills in the entire game.
 E = Experience gained in this place as a percentage of experience gained in the entire game.
 F = Experience gained in this place divided by the number of levels of this place that you have seen.
                   A       B       C       D       E      F
               +-------+-------+-------+-------+-------+----------------------
         Total | 100.0 | 100.0 |  -nan |  -nan | 100.0 | 155.8
       Dungeon | 100.0 | 100.0 |  -nan |  -nan | 100.0 | 155.8
               +-------+-------+-------+-------+-------+----------------------
